 Dungeon Crawl Stone Soup version 0.19.1 (webtiles) character file.

6997 CanadianGator the Blocker (level 11, -2/72 HPs)
             Began as an Octopode Fighter on Dec 9, 2016.
             Was an Initiate of Ru.
             Slain by a yak (13 damage)
             ... on level 9 of the Dungeon.
             The game lasted 00:32:41 (9360 turns).

CanadianGator the Blocker (Octopode Fighter)        Turns: 9360, Time: 00:32:41

Health: -2/72      AC:  1    Str: 17    XL:     11   Next: 8%
Magic:  7/7        EV: 17    Int: 11    God:    Ru [......]
Gold:   283        SH: 13    Dex: 15    Spells: 1 memorised, 7 levels left

rFire  + . .     SeeInvis .       - Unarmed
rCold  . . .     Gourm    .     a - +2 shield
rNeg   + . .     Faith    .     (helmet restricted)
rPois  .         Spirit   .     (no amulet)
rElec  .         Reflect  .     e - ring of positive energy
rCorr  .         Harm     .     k - ring of protection from fire
MR     .....                    D - ring of stealth
Stlth  ++++++....               (no ring)
                                (no ring)
                                (no ring)
                                (no ring)
                                (no ring)

@: no status effects
A: almost no armour, stealthy swim, amphibious, 8 rings, constrict 8, antennae
1, tentacle spike 1, camouflage 1, blurry vision 1, low mp 3, screaming 1,
strong 1, gelatinous body 1
a: Sacrifice Courage, Sacrifice Resistance, Sacrifice Artifice, Reject
Sacrifices, Renounce Religion


You were on level 9 of the Dungeon.
You worshipped Ru.
Ru was noncommittal.
You were not hungry.

You visited 1 branch of the dungeon, and saw 9 of its levels.
You also visited: Sewer and Ossuary.

You collected 443 gold pieces.
You spent 160 gold pieces at shops.

Inventory:

Missiles
 o - 13 tomahawks (quivered)
Armour
 a - a +2 shield (worn)
Jewellery
 e - a ring of positive energy (left tentacle)
 k - a ring of protection from fire (right tentacle)
 D - a ring of stealth (on tentacle)
Wands
 w - a wand of heal wounds (0/9)
Scrolls
 g - a scroll of identify
 m - 6 scrolls of immolation
 s - 4 scrolls of remove curse
 v - a scroll of blinking
 x - 2 scrolls of teleportation
 y - a scroll of recharging
 z - a scroll of noise
 B - a scroll of torment
 C - a scroll of magic mapping
Potions
 d - a potion of magic
 f - a potion of brilliance
 l - 2 potions of ambrosia
 q - 2 potions of curing
 r - 2 potions of flight
 u - a potion of lignification
Books
 b - a Young Poisoner's Handbook

   Spells                             Type                      Level
   a - Sting                          Conjuration/Poison           1
   b - Mephitic Cloud                 Conjuration/Poison/Air       3
   c - Olgreb's Toxic Radiance        Poison                       4
   d - Alistair's Intoxication        Transmutation/Poison         5
   e - Venom Bolt                     Conjuration/Poison           5
Comestibles
 c - 11 bread rations
 i - 2 meat rations
 j - a slice of pizza
 n - 2 beef jerkies
 p - 2 fruits


   Skills:
 + Level 5.5 Fighting
 + Level 5.2 Throwing
 * Level 8.3 Dodging
 + Level 7.5 Stealth
 * Level 8.8 Shields
 * Level 7.8 Unarmed Combat
 + Level 4.6 Poison Magic


You had 7 spell levels left.
You knew the following spells:

 Your Spells              Type           Power        Failure   Level  Hunger
a - Mephitic Cloud        Conj/Pois/Air  #.......     95%         3    ####...


Dungeon Overview and Level Annotations

Branches:
Dungeon (9/15)             Temple (0/1) D:7
   Lair: D:8-11         Orc: D:9-12

Altars:
Cheibriados
Dithmenos
Fedhas
Gozag
Hepliaklqana
Nemelex Xobeh
Ru
Trog
Yredelemnul

Shops:
D:9 ?


Innate Abilities, Weirdness & Mutations

You cannot wear most types of armour.
You are very stealthy in the water. (Stealth+)
You are amphibious.
You can wear up to eight rings at the same time.
You can use your tentacles to constrict eight enemies at once.
Your skin changes colour to match your surroundings (Stealth+).
Your magical capacity is extremely low. (-30% MP)
Your rubbery body absorbs attacks. (AC +1, EV +1)
You have a pair of small antennae on your head.
One of your tentacles bears a spike.
Scrolls take you a little longer to read.
You occasionally shout uncontrollably at your foes.
Your muscles are strong. (Str +2)


Message History

You block the yak's attack. The yak closely misses you.
You bludgeon the yak! You squeeze the yak!
You kill the yak!
The yak gores you! The yak closely misses you.
You tentacle-slap the yak but do no damage.
You pierce the yak, but do no damage.
You block the yak's attack. The yak barely misses you.
You tentacle-slap the yak.
You pierce the yak, but do no damage.
The yak is lightly wounded.
The yak gores you!
* * * LOW HITPOINT WARNING * * *
Unknown command.
You tentacle-slap the yak.
The yak is lightly wounded.
The yak gores you!
* * * LOW HITPOINT WARNING * * *
You block the yak's attack.
Unknown command.
You feel better. The yak gores you!
You die...

........### #.#.# ##.##...####
..........## #...# #.....## #
###...###..####.### ###..<#####
##....##........# #........
##.#.#######.#.### ##..#..###
#.#.## ##.....####..##.....
#.#..# ##...##..##..##..####
#.##.# #.....##.....##.#####
#.##.####.#.@.###...#...###..
#.##..##..#Y(Y##......##....#
#.###.##.##.(...........>.... #.#
#.##.##.(.#.#...#...#####
#####.###.##.#####.....####..#
#.....#......# #.........##..(##
.............###.........##.#....
.........................##.####.
..............#############.# #.


You could see 2 yaks.

Vanquished Creatures
  Pikel (D:6)
  The ghost of vicissi the Destroyer, a novice DECj of Vehumet (D:7)
  A troll (D:9)
  Prince Ribbit (D:5)
  A hippogriff (D:9)
  The ghost of mexichick the Destroyer, an amateur HECj of Vehumet (Ossuary)
  5 yaks (D:9)
  A spriggan (D:7)
  A wyvern (D:8)
  Menkaure (D:5)
  Edmund (D:6)
  A water moccasin (D:8)
  The ghost of mexichick the Magician, an amateur DEWz (D:3)
  Duvessa (D:7)
  2 orc warriors
  2 ice beasts
  2 sky beasts (D:8)
  3 phantoms
  An eye of draining (D:8)
  4 ogres
  A centaur (D:9)
  A big kobold (D:9)
  6 bullfrogs
  Dowan (D:7)
  A water moccasin zombie (D:6)
  3 scorpions
  10 wights
  A howler monkey (D:8)
  4 crimson imps
  3 hounds
  4 orc priests
  A centaur zombie (Ossuary)
  A human zombie (Ossuary)
  6 orc wizards
  A bullfrog skeleton (D:4)
  An iguana (D:9)
  Natasha (thrice) (D:2)
  5 worker ants
  2 big kobold zombies (Ossuary)
  A hound skeleton (D:4)
  4 mummies (Ossuary)
  A howler monkey zombie (D:5)
  A howler monkey skeleton (D:4)
  A worker ant zombie (D:6)
  8 gnolls
  11 adders
  9 oozes (Sewer)
  2 adder zombies
  A worm (D:2)
  20 leopard geckos
  26 orcs
  17 giant cockroaches
  2 gnoll zombies (Ossuary)
  7 goblins
  3 hobgoblins
  4 jackals (D:2)
  6 kobolds
  3 quokkas
  8 ball pythons
  9 bats
  9 frilled lizards
  A goblin zombie (Ossuary)
  A hobgoblin zombie (Ossuary)
  A jackal skeleton (D:4)
  A quokka skeleton (D:4)
  A quokka zombie (D:8)
  7 rats
252 creatures vanquished.

Vanquished Creatures (others)
  Eustachio (D:6)
  2 gnolls (D:7)
3 creatures vanquished.

Grand Total: 255 creatures vanquished

Notes
Turn   | Place    | Note
-------+----------+-------------------------------------------
     0 | D:1      | CanadianGator the Octopode Fighter began the quest for the Orb.
     0 | D:1      | Reached XP level 1. HP: 16/16 MP: 1/1
   157 | D:1      | Reached XP level 2. HP: 16/21 MP: 2/2
  1000 | D:2      | Reached XP level 3. HP: 23/26 MP: 3/3
  1002 | D:2      | Reached skill level 1 in Stealth
  1049 | D:2      | Noticed Natasha
  1054 | D:2      | Killed Natasha
  1064 | D:2      | Reached XP level 4. HP: 23/31 MP: 4/4
  1314 | D:2      | Noticed Natasha
  1330 | D:2      | Killed Natasha
  1354 | D:2      | Noticed Natasha
  1365 | D:2      | Killed Natasha
  1365 | D:2      | Reached XP level 5. HP: 8/36 MP: 5/5
  1679 | D:3      | Found a glowing drain.
  1693 | Sewer    | Entered a sewer
  2005 | Sewer    | Reached skill level 1 in Throwing
  2201 | Sewer    | Reached XP level 6. HP: 42/42 MP: 6/6
  2578 | D:3      | Noticed mexichick's ghost (amateur DEWz)
  2591 | D:3      | Killed mexichick's ghost
  2591 | D:3      | Reached XP level 7. HP: 9/46 MP: 7/7
  2841 | D:3      | Found a sparkling altar of Nemelex Xobeh.
  2842 | D:3      | Found an opulent altar of Gozag.
  3251 | D:4      | Reached skill level 5 in Shields
  3574 | D:4      | Found a shadowy altar of Dithmenos.
  3810 | D:4      | Found a snail-covered altar of Cheibriados.
  3812 | D:4      | Found a bloodstained altar of Trog.
  4076 | D:5      | Entered Level 5 of the Dungeon
  4107 | D:5      | Noticed Prince Ribbit
  4118 | D:5      | Killed Prince Ribbit
  4118 | D:5      | Reached skill level 5 in Dodging
  4118 | D:5      | Reached XP level 8. HP: 40/54 MP: 8/8
  4186 | D:5      | Found a blossoming altar of Fedhas.
  4196 | D:5      | Noticed Menkaure
  4203 | D:5      | Killed Menkaure
  4225 | D:5      | Reached skill level 5 in Unarmed Combat
  4266 | D:5      | Found a sacrificial altar of Ru.
  4332 | D:5      | Found a basalt altar of Yredelemnul.
  4716 | D:5      | Found a hazy altar of Hepliaklqana.
  4785 | D:5      | Became a worshipper of Ru the Awakened
  5148 | D:6      | Learned a level 3 spell: Mephitic Cloud
  5226 | D:6      | Noticed Pikel
  5227 | D:6      | Noticed Eustachio
  5233 | D:6      | Noticed Edmund
  5236 | D:6      | Killed Pikel
  5236 | D:6      | Reached skill level 5 in Stealth
  5236 | D:6      | Reached skill level 1 in Poison Magic
  5236 | D:6      | Reached XP level 9. HP: 10/59 MP: 9/9
  5242 | D:6      | Killed Eustachio
  5258 | D:6      | Killed Edmund
  5765 | D:7      | Noticed Duvessa
  5804 | D:7      | Noticed vicissi's ghost (novice DECj)
  5824 | D:7      | Killed Duvessa
  5826 | D:7      | Found a sand-covered staircase.
  5832 | Ossuary  | Entered an ossuary
  5832 | Ossuary  | Noticed mexichick's ghost (amateur HECj)
  5849 | Ossuary  | Killed mexichick's ghost
  6237 | Ossuary  | Gained mutation: Your magical capacity is low. (-10% MP) [Ru sacrifice]
  6392 | D:7      | Killed vicissi's ghost
  6602 | D:7      | Noticed Dowan
  6625 | D:7      | Killed Dowan
  6757 | D:7      | Found a staircase to the Ecumenical Temple.
  6766 | D:7      | Reached XP level 10. HP: 63/65 MP: 9/9
  8114 | D:8      | Reached skill level 5 in Fighting
  8158 | D:8      | Gained mutation: Your magical capacity is very low. (-20% MP) [mutagenic meat]
  8159 | D:8      | Gained mutation: Your magical capacity is extremely low. (-30% MP) [mutagenic meat]
  8728 | D:9      | Reached skill level 5 in Throwing
  8780 | D:9      | Gained mutation: You have a pair of small antennae on your head. [potion of mutation]
  8780 | D:9      | Gained mutation: You are dopey. (Int -2) [potion of mutation]
  8782 | D:9      | Gained mutation: Your muscles are strong. (Str +2) [potion of mutation]
  8782 | D:9      | Gained mutation: You are frail. (-10% HP) [potion of mutation]
  8782 | D:9      | Lost mutation: You are dopey. (Int -2) [potion of mutation]
  8783 | D:9      | Gained mutation: You are clumsy. (Dex -2) [potion of mutation]
  8783 | D:9      | Gained mutation: Scrolls take you a little longer to read. [potion of mutation]
  8783 | D:9      | Lost mutation: You are frail. (-10% HP) [potion of mutation]
  8784 | D:9      | Lost mutation: You are clumsy. (Dex -2) [potion of mutation]
  8784 | D:9      | Gained mutation: One of your tentacles bears a spike. [potion of mutation]
  8784 | D:9      | Gained mutation: You occasionally shout uncontrollably at your foes. [potion of mutation]
  9033 | D:9      | Reached XP level 11. HP: 33/72 MP: 7/7
  9243 | D:9      | Found Beotacej's Magic Scroll Emporium.
  9251 | D:9      | Bought a scroll of identify for 32 gold pieces
  9251 | D:9      | Bought 2 scrolls of identify for 64 gold pieces
  9251 | D:9      | Bought a scroll of identify for 32 gold pieces
  9251 | D:9      | Bought a scroll of identify for 32 gold pieces
  9359 | D:9      | HP: 1/72 [yak (13)]
  9360 | D:9      | Slain by a yak

Skill      XL: |  1  2  3  4  5  6  7  8  9 10 |
---------------+-------------------------------+-----
Stealth        | 1 2 3 4 5 6 7 |  7.5
Unarmed Combat | 3 4 5 6 7 |  7.8
Shields        | 4 5 6 7 8 |  8.8
Dodging        | 4 5 6 8 |  8.3
Throwing       | 1 2 3 4 5 |  5.2
Fighting       | 4 5 |  5.5
Poison Magic   | 1 3 4 |  4.6

Action                   |  1- 3 |  4- 6 |  7- 9 | 10-12 || total
-------------------------+-------+-------+-------+-------++-------
Melee: Unarmed           |    51 |   141 |   259 |   274 ||   725
       Tentacles         |    16 |    26 |    63 |    68 ||   173
       Constrict         |    20 |    28 |    48 |    35 ||   131
       Punch             |     1 |     4 |    12 |    22 ||    39
       Kick              |       |       |       |    26 ||    26
Throw: Javelin           |     9 |    33 |    52 |    25 ||   119
       Tomahawk          |       |       |     8 |     5 ||    13
Invok: Sacrifice Essence |       |       |     1 |       ||     1
Evoke: Wand              |       |       |     2 |       ||     2
  Use: Scroll            |       |     6 |     9 |     7 ||    22
       Potion            |       |     4 |    10 |     9 ||    23
 Stab: Sleeping          |     5 |     5 |     8 |     8 ||    26
       Invisible         |       |       |     6 |       ||     6
       Distracted        |       |       |       |     1 ||     1
  Eat: Chunk             |       |     5 |     5 |     6 ||    16
       Meat ration       |       |       |     2 |     1 ||     3
Armor: Skin              |     7 |     9 |    21 |    57 ||    94
Dodge: Dodged            |    31 |    80 |   102 |    89 ||   302
Block: Shield            |    14 |    80 |   140 |   175 ||   409
